 Dungeon Crawl Stone Soup version 0.17.0-1-g61d176b (webtiles) character file.

18 dysrexia the Caller (level 2, -1/11 HPs)
             Began as a Felid Summoner on Nov 7, 2015.
             Slain by a giant gecko (3 damage)
             ... on level 1 of the Dungeon.
             The game lasted 00:03:27 (975 turns).

dysrexia the Caller (Felid Summoner)                 Turns: 975, Time: 00:03:27

Health: -1/11      AC:  1    Str:  4    XL:     2   Next: 48%
Magic:  5/6        EV: 18    Int: 16    God:
Gold:   5          SH:  0    Dex: 16    Spells: 2 memorised, 3 levels left
                                        Lives:  0   Deaths: 0

rFire  . . .     SeeInvis +     (weapon unavailable)
rCold  . . .     Clarity  .     (armour unavailable)
rNeg   . . .     SustAt   .     (shield unavailable)
rPois  .         Gourm    .     (helmet unavailable)
rElec  .         Spirit   .     (cloak unavailable)
rCorr  .         Warding  .     (gloves unavailable)
rMut   .         Stasis   .     (boots unavailable)
MR     .....                    (no amulet)
Stlth  +++.......               (no ring)
                                (no ring)

@: quick, not resistant to hostile enchantments, fairly stealthy
A: no armour, no weapons or thrown items, claws 1, fangs 3, see invisible,
carnivore 3, speed 1, shaggy fur 1, slow metabolism 1, sharp paws
a: no special abilities


You were on level 1 of the Dungeon.
You were very full.

You visited 1 branch of the dungeon, and saw 1 of its levels.

You collected 5 gold pieces.

Inventory:

Scrolls
 c - a scroll of enchant armour {unknown}
 g - a scroll of amnesia {unknown}
 h - a scroll of identify {unknown}
Potions
 d - 2 potions of curing {unknown}
 e - a potion of agility {unknown}
 i - a potion of might {unknown}
Books
 a - a book of Callings

   Spells                             Type                      Level
   a - Summon Small Mammal            Summoning                    1
   b - Call Imp                       Summoning                    2
   c - Call Canine Familiar           Summoning                    3
   d - Summon Guardian Golem          Hexes/Summoning              3
   e - Summon Lightning Spire         Summoning/Air                4
   f - Summon Ice Beast               Ice/Summoning                4
Comestibles
 b - 2 meat rations
 f - a slice of pizza


   Skills:
 - Level 2.6 Dodging
 + Level 3.0 Stealth
 * Level 2.5 Spellcasting
 * Level 4.2 Summonings


You had 3 spell levels left.
You knew the following spells:

 Your Spells              Type           Power        Failure   Level  Hunger
a - Summon Small Mammal   Summ           ###.         4%          1    #......
b - Call Imp              Summ           ###.....     8%          2    ##.....


Dungeon Overview and Level Annotations

Branches:
Dungeon (1/15)

Altars:


Innate Abilities, Weirdness & Mutations

You cannot wear armour.
You are incapable of wielding weapons or throwing items.
You have sharp claws.
You have razor-sharp teeth.
You have supernaturally acute eyesight.
You are carnivorous and can eat meat at any time.
You cover ground quickly.
You are covered in fur (AC +1).
You have a slow metabolism.
Your sharp claws are effective at attacking unaware monsters.


Message History

The giant gecko misses your crimson imp.
Your crimson imp hits the giant gecko.
The giant gecko bites your crimson imp but does no damage.
Your crimson imp completely misses the giant gecko.
The giant gecko barely misses your crimson imp.
Your crimson imp misses the giant gecko.
The giant gecko barely misses your crimson imp.
Your crimson imp hits the giant gecko.
The giant gecko closely misses your crimson imp.
The giant gecko bites your crimson imp but does no damage.
Your crimson imp blinks!
Your crimson imp blinks!
You closely miss the giant gecko.
The giant gecko is almost dead.
The giant gecko bites you.
* * * LOW HITPOINT WARNING * * *
You closely miss the giant gecko.
The giant gecko is almost dead.
The giant gecko bites you.
You die...

...#
#.......#
...#
#.......#
...#
#.......#
...#
#.......#
...#
#.......#
...#
#......)###
...#
#.......'ยง#
...#
#.......#.#
...#
#.......#@#
...#
######.##l#
...# ..##.#
..###.
#####.###
...... #...#
.......
###.#
..##..# #.#
......# #.#
..###.#
##.######.#


You could see a giant gecko.

Vanquished Creatures
  A giant gecko (D:1)
  2 goblins (D:1)
  A hobgoblin (D:1)
  4 bats (D:1)
  2 giant newts (D:1)
  A kobold (D:1)
  2 rats (D:1)
13 creatures vanquished.

Vanquished Creatures (collateral kills)
  A bat (D:1)
  A giant cockroach (D:1)
  A hobgoblin (D:1)
  2 kobolds (D:1)
  2 rats (D:1)
7 creatures vanquished.

Grand Total: 20 creatures vanquished

Notes
Turn   | Place    | Note
--------------------------------------------------------------
     0 | D:1      | dysrexia the Felid Summoner began the quest for the Orb.
     0 | D:1      | Reached XP level 1. HP: 7/7 MP: 4/4
   300 | D:1      | Reached XP level 2. HP: 6/11 MP: 6/6
   451 | D:1      | Learned a level 2 spell: Call Imp
   975 | D:1      | Slain by a giant gecko

Action                   || total
-------------------------++-------
Melee: Unarmed           ||    54
 Cast: Summon Small Mamm ||     4
       Call Imp          ||     4
 Stab: Sleeping          ||     3
  Eat: Chunk             ||     7
